 Dungeon Crawl Stone Soup version 0.24-a0-251-g44e327e (webtiles) character file.

Game seed: 17266600132404595701

18148 Ijustatesigmund the Epochal (level 12, -2/86 HPs)
             Began as an Octopode Fighter on Apr 15, 2019.
             Was an Elder of Cheibriados.
             Slain by a cyclops (9 damage)
             ... on level 12 of the Dungeon on Apr 16, 2019.
             The game lasted 00:31:15 (12241 turns).

Ijustatesigmund the Epochal (Octopode Fighter)     Turns: 12241, Time: 00:31:16

Health: -2/86      AC:  5    Str: 25    XL:     12   Next: 55%
Magic:  15/20      EV: 15    Int: 19    God:    Cheibriados [****..]
Gold:   364        SH: 19    Dex: 25    Spells: 10/11 levels left

rFire    . . .     SeeInvis .   a - +5 war axe
rCold    . . .     Gourm    .   b - +0 large shield
rNeg     . . .     Faith    .   j - +2 hat
rPois    +         Spirit   .   x - amulet of regeneration
rElec    .         Reflect  .   u - ring of resist corrosion
rCorr    +         Harm     .   (no ring)
MR       .....     Rnd*Rage +   r - ring of poison resistance
Stlth    +++++.....             (no ring)
HPRegen  0.64/turn              (no ring)
MPRegen  0.17/turn              (no ring)
                                (no ring)
                                (no ring)

@: very slightly contaminated, lightly drained, invisible, very slow
A: almost no armour, stealthy swim, amphibious, 8 rings, constrict 8, slimy
green scales 1, camouflage 1, berserk 1, screaming 1, gelatinous body 1, subdued
magic 1
a: Bend Time, Temporal Distortion, Slouch, Renounce Religion


You were on level 12 of the Dungeon.
You worshipped Cheibriados.
Cheibriados was greatly pleased with you.
You were not hungry.

You visited 2 branches of the dungeon, and saw 13 of its levels.
You also visited: Sewer and Ossuary.

You collected 671 gold pieces.
You spent 307 gold pieces at shops.

Inventory:

Hand Weapons
 a - a +5 war axe (weapon)
 A - a +2 flail
Missiles
 D - 5 silver javelins (quivered)
Armour
 b - a +0 large shield (worn)
 j - a +2 hat (worn)
Jewellery
 r - a ring of poison resistance (on tentacle)
 t - the ring "Taewiyh" {Ice Dex+5 Stlth-}
   (You acquired it on level 5 of the Dungeon)

   [ring of ice]

   It enhances your ice magic.
   It affects your dexterity (+5).
   It makes you vulnerable to fire.
   It protects you from cold.
   It makes you less stealthy.
 u - a ring of resist corrosion (left tentacle)
 x - an amulet of regeneration (around mantle)
Wands
 o - a wand of enslavement (5)
 p - a wand of polymorph (17)
 q - a wand of flame (21)
 v - a wand of paralysis (8)
 F - a wand of iceblast (4)
Scrolls
 e - 5 scrolls of remove curse
 g - 2 scrolls of magic mapping
 h - a scroll of identify
 i - a scroll of immolation
 m - 2 scrolls of amnesia
 w - a scroll of blinking
 y - 2 scrolls of fog
Potions
 c - a potion of magic
 f - 3 potions of flight
 k - 2 potions of lignification
 l - 4 potions of curing
 n - 2 potions of brilliance
 z - 2 potions of cancellation
 B - a potion of agility
Comestibles
 d - 19 rations


   Skills:
 + Level 9.4(9.1) Fighting
 + Level 10.0(9.7) Axes
 + Level 6.0(5.7) Dodging
 - Level 5.7(5.5) Stealth
 - Level 10.4(10.1) Shields
 - Level 1.7(1.5) Translocations
 + Level 10.7(10.4) Invocations


You had 10 spell levels left.
You knew the following spells:

 Your Spells              Type           Power        Failure   Level  Hunger
a - Apportation           Tloc           #.....       54%         1    ##.....

Your spell library contained the following spells:

 Spells                   Type           Power        Failure   Level  Hunger
 Animate Skeleton         Necr           N/A          77%         1    ##.....
 Confusing Touch          Hex            #.....       77%         1    ##.....
 Summon Small Mammal      Summ           #...         77%         1    ##.....
 Irradiate                Conj/Tmut      #.........   100%        5    ######.
 Hydra Form               Tmut           #.........   100%        6    #######
 Statue Form              Tmut/Erth      #........    100%        6    #######
 Dragon Form              Tmut           #.........   100%        7    #######


Dungeon Overview and Level Annotations

Branches:
Dungeon (12/15)            Temple (1/1) D:5            Lair (0/6) D:11
    Orc (0/2) D:9

Altars:
Ashenzari
Cheibriados
Dithmenos
Elyvilon
Fedhas
Gozag
Hepliaklqana
Kikubaaqudgha
Makhleb
Nemelex Xobeh
Okawaru
Qazlal
Ru
Sif Muna
Trog
Uskayaw
Vehumet
Wu Jian
Xom
Yredelemnul
Zin
The Shining One

Shops:
D:5 *   D:8 [   D:11 (

Annotations:
D:9 exclusion: orange crystal statue
D:11 2 transporters
D:12 1 runed translucent door, confidenceinterval's ghost, journeyman MiGl


Innate Abilities, Weirdness & Mutations

You cannot wear most types of armour.
You are very stealthy in the water. (Stealth+)
You are amphibious.
You can wear up to eight rings at the same time.
You can use your tentacles to constrict eight enemies at once.
Your skin changes colour to match your surroundings (Stealth+).
Your rubbery body absorbs attacks. (AC +1, EV +1)
You are partially covered in slimy green scales. (AC +2)
You tend to lose your temper in combat.
You occasionally shout uncontrollably at your foes.
Your spells are a little easier to cast, but a little less powerful.


Message History

You constrict Rupert! You block Rupert's attack.
The cyclops throws a large rock.
The large rock hits Rupert!
You hit Rupert. You squeeze Rupert, but do no damage.
Rupert is almost dead.
You constrict Rupert.
Rupert hits you with a +2 great mace of draining!!
You feel drained. Rupert closely misses you.
The cyclops throws a large rock.
The large rock hits Rupert!!!
Rupert dies!
Your base Axes skill increases to level 10!
Your base Dodging skill increases to level 6!
The cyclops throws a large rock.
The large rock hits you!!
* * * LOW HITPOINT WARNING * * *
Things that are here:
a +2 great mace of draining; a cursed +0 scale mail; 4 large rocks The cyclops barely misses you.
You hit the cyclops.
The cyclops is lightly wounded.
The cyclops hits you!
You die...

รท..# #.# ####
#.# # #.#
##########.## #
....).......###
#
.######.......#
### .# #.#...#.#
#.# >#
#.......########
##. .#
#.#......)@C...#
## ..
#.##.##[######.#
# .# #.......# #
.# ####.#### #
.. #+# # #. #.#
##. ###


You could see a cyclops.

Vanquished Creatures
  Azrael (D:12)
  A hydra (D:12)
  A catoblepas (D:12)
  Urug (D:12)
  2 deep elf magi (D:12)
  2 ugly things
  Joseph (D:8)
  A centaur skeleton (D:11)
  4 trolls
  3 hippogriffs
  A vampire (D:9)
  A human (D:9)
  15 yaks
  A fire bat (D:11)
  A fire elemental (D:12)
  A wraith (D:12)
  A wyvern (D:11)
  4 hogs (D:9)
  Grum (D:8)
  2 hungry ghosts
  4 hell hounds (D:12)
  2 water moccasins
  4 orc warriors
  A necrophage (D:9)
  5 sky beasts
  An eye of draining (D:12)
  4 phantoms
  2 ice beasts
  3 ogres
  9 centaurs
  A crocodile (D:11)
  2 wolves (D:8)
  2 big kobolds
  A bullfrog (D:6)
  2 elf zombies (Ossuary)
  A gnoll sergeant (D:6)
  A wyvern skeleton (D:12)
  4 scorpions
  7 killer bees
  A howler monkey (D:8)
  3 wights (D:10)
  2 centaur zombies
  4 crimson imps
  A human zombie (Ossuary)
  3 jellies
  A quasit (D:6)
  7 hounds
  5 orc wizards
  6 orc priests
  3 bullfrog skeletons
  Natasha (twice) (D:3)
  4 iguanas
  7 worker ants
  2 big kobold zombies (Ossuary)
  A hound zombie (D:6)
  2 mummies (Ossuary)
  A hound skeleton (D:10)
  A worker ant zombie (D:9)
  5 gnolls (D:6)
  16 adders
  6 river rats (Sewer)
  4 shadow imps
  2 adder zombies (Ossuary)
  A worm (D:4)
  3 dart slugs
  8 leopard geckos
  36 orcs
  8 giant cockroaches
  6 hobgoblins
  8 jackals
  22 kobolds
  8 quokkas
  A ball python (Sewer)
  4 bats
  5 frilled lizards
  A giant cockroach zombie (D:5)
  3 goblins
  2 goblin zombies (Ossuary)
  12 hobgoblin zombies (Ossuary)
  A jackal skeleton (D:4)
  A jackal zombie (Ossuary)
  8 kobold zombies (Ossuary)
  6 orc zombies (Ossuary)
  A quokka zombie (D:8)
  23 rats
  A rat zombie (D:8)
359 creatures vanquished.

Vanquished Creatures (collateral kills)
  A yak (D:11)
1 creature vanquished.

Vanquished Creatures (others)
  Rupert (D:12)
  4 yaks (D:11)
5 creatures vanquished.

Grand Total: 365 creatures vanquished

Notes
Turn   | Place    | Note
-------+----------+-------------------------------------------
     0 | D:1      | Ijustatesigmund the Octopode Fighter began the quest for
                  | the Orb.
     0 | D:1      | Reached XP level 1. HP: 16/16 MP: 1/1
   386 | D:1      | Reached XP level 2. HP: 18/21 MP: 2/2
   669 | D:2      | Found a glowing silver altar of Zin.
  1020 | D:2      | Reached XP level 3. HP: 26/26 MP: 3/3
  1516 | D:3      | Reached XP level 4. HP: 20/33 MP: 4/4
  1864 | D:3      | Noticed Natasha
  1874 | D:3      | Killed Natasha
  2331 | D:3      | Reached XP level 5. HP: 27/37 MP: 5/5
  2335 | D:3      | Found an ornate altar of the Wu Jian Council.
  2790 | D:3      | Noticed Natasha
  2797 | D:3      | Killed Natasha
  2905 | D:4      | Found a burning altar of Makhleb.
  2983 | D:4      | Found a glowing drain.
  2998 | Sewer    | Entered a sewer
  3251 | Sewer    | Reached skill level 5 in Axes
  3272 | Sewer    | Reached XP level 6. HP: 44/44 MP: 6/6
  4077 | D:4      | Reached skill level 5 in Fighting
  4084 | D:4      | Reached XP level 7. HP: 50/50 MP: 7/7
  4313 | D:4      | Learned a level 1 spell: Apportation
  4794 | D:5      | Entered Level 5 of the Dungeon
  4804 | D:5      | Reached skill level 1 in Translocations
  4832 | D:5      | Found a shattered altar of Ashenzari.
  5001 | D:5      | Found Rauphu Hyde's Assorted Antiques.
  5021 | D:5      | Bought 2 scrolls labeled KICUIKL DUQEM for 56 gold pieces
  5021 | D:5      | Bought a marble ring for 140 gold pieces
  5025 | D:5      | Got a twitching brass ring
  5026 | D:5      | Identified the ring "Taewiyh" {Ice Dex+5 Stlth-} (You
                  | acquired it on level 5 of the Dungeon)
  5158 | D:5      | Reached XP level 8. HP: 56/56 MP: 8/8
  5177 | D:5      | Found a staircase to the Ecumenical Temple.
  5186 | Temple   | Entered the Ecumenical Temple
  5381 | Temple   | Became a worshipper of Cheibriados the Contemplative
  5527 | D:6      | Reached skill level 1 in Invocations
  5759 | D:6      | Found a shadowy altar of Dithmenos.
  5774 | D:6      | Reached * piety under Cheibriados
  6304 | D:6      | Reached XP level 9. HP: 39/63 MP: 11/11
  6317 | D:6      | Found a shimmering altar of Xom.
  6434 | D:6      | Reached skill level 5 in Dodging
  6434 | D:6      | Reached skill level 5 in Shields
  6447 | D:6      | Reached ** piety under Cheibriados
  6502 | D:6      | Found a blossoming altar of Fedhas.
  6504 | D:6      | Found a deep blue altar of Sif Muna.
  7250 | D:7      | Found a basalt altar of Yredelemnul.
  7509 | D:5      | Bought a scroll labeled XUVATA FYPHAGH for 28 gold pieces
  7509 | D:5      | Bought a fizzy inky potion for 25 gold pieces
  7575 | D:8      | Found Joabburi's Armour Emporium.
  7586 | D:8      | Bought a +0 large shield for 58 gold pieces
  7593 | D:8      | Noticed Joseph
  7608 | D:8      | Killed Joseph
  7662 | D:8      | Reached skill level 5 in Invocations
  7684 | D:8      | Found a sand-covered staircase.
  7710 | Ossuary  | Entered an ossuary
  7757 | Ossuary  | Reached *** piety under Cheibriados
  8040 | D:8      | Gained mutation: You occasionally shout uncontrollably at
                  | your foes. [potion of mutation]
  8040 | D:8      | Gained mutation: Your spells are a little easier to cast,
                  | but a little less powerful. [potion of mutation]
  8040 | D:8      | Gained mutation: You tend to lose your temper in combat.
                  | [potion of mutation]
  8040 | D:8      | Gained mutation: You are partially covered in slimy green
                  | scales. (AC +2) [potion of mutation]
  8116 | D:8      | Reached XP level 10. HP: 69/69 MP: 14/14
  8243 | D:8      | Found a white marble altar of Elyvilon.
  8256 | D:8      | Found a stormy altar of Qazlal.
  8393 | D:8      | Noticed Grum
  8400 | D:8      | Killed Grum
  8610 | D:9      | Reached **** piety under Cheibriados
  9299 | D:9      | Noticed an orange crystal statue
  9462 | D:9      | Found a staircase to the Orcish Mines.
  9471 | D:9      | Upgraded the game from 0.24-a0-250-g6074511 to
                  | 0.24-a0-251-g44e327e
  9495 | D:10     | Entered Level 10 of the Dungeon
  9507 | D:10     | Reached ***** piety under Cheibriados
  9691 | D:10     | Reached XP level 11. HP: 67/75 MP: 17/17
 10322 | D:11     | Found Amif's Weapon Emporium.
 10606 | D:11     | Found a transporter.
 10639 | D:11     | Found a transporter.
 10691 | D:11     | Noticed a deep elf knight
 10700 | D:11     | Noticed an orc high priest
 10792 | D:11     | Noticed a brown ugly thing
 10807 | D:11     | Killed a brown ugly thing
 10854 | D:11     | Found a staircase to the Lair.
 10999 | D:11     | Found a sacrificial altar of Ru.
 11098 | D:12     | Found a runed translucent door.
 11098 | D:12     | Noticed confidenceinterval's ghost (journeyman MiGl)
 11104 | D:12     | Noticed a deep elf mage
 11108 | D:12     | Killed a deep elf mage
 11108 | D:12     | Reached skill level 1 in Stealth
 11149 | D:12     | Noticed Urug
 11154 | D:12     | Killed Urug
 11264 | D:12     | Noticed a brown ugly thing
 11271 | D:12     | Killed a brown ugly thing
 11348 | D:12     | Noticed Azrael
 11351 | D:12     | Reached skill level 10 in Shields
 11362 | D:12     | Killed Azrael
 11362 | D:12     | Reached skill level 10 in Invocations
 11362 | D:12     | Reached XP level 12. HP: 29/84 MP: 14/19
 11372 | D:12     | Noticed a catoblepas
 11550 | D:12     | Noticed a four-headed hydra
 11559 | D:12     | Killed a four-headed hydra
 11559 | D:12     | Reached skill level 5 in Stealth
 11745 | D:12     | Killed a catoblepas
 12052 | D:12     | Found a blossoming altar of Fedhas.
 12226 | D:12     | Noticed Rupert
 12238 | D:12     | Killed Rupert
 12238 | D:12     | Reached skill level 10 in Axes
 12241 | D:12     | Slain by a cyclops

Levels and vault maps discovered:
D:1:      nzn_arrival_depleted_hourglass, layout_rooms
D:2:      layout_basic, nicolae_overflow_crystal_walls
D:3:      layout_basic, lemuel_coloured_pillars_altar, uniq_natasha
D:4:      layout_loops_cross, gup_sewer_entry_pipe, makhleb_heckhound_becter
D:5:      layout_cave_pools, cheibrodos_ashenzari_chains,
          minmay_temple_entry_junction, serial_shops, shop, first_ration
D:6:      layout_loops_cross, nicolae_overflow_hidden_temple,
          nicolae_dithmenos_through_a_glass_darkly,
          chequers_temple_overflow_statue_of_worship
D:7:      layout_loops_ring, overflow_temple_1_default, roderic_roman_lattice
D:8:      layout_basic, nicolae_qazlal_eye_of_the_storm, basic_altar,
          enter_ossuary_4, serial_shops, kennysheep_little_box, uniq_grum,
          uniq_joseph
D:9:      minmay_statue_hallways, layout_basic, orc_0_dummy, grunt_livestock
D:10:     layout_loops_ring
D:11:     gammafunk_wand_slinger, layout_cave_pools, lair_entry_dummy,
          serial_shops, shop, nicolae_ru_path_of_blood
D:12:     layout_loops_corners, hellmonk_ghost_happy_afterlife,
          nrook_loot_triangle, kennysheep_small_spiral, minivault_26,
          fedhas_altar_1, uniq_sonja, uniq_rupert, uniq_azrael, uniq_urug
Temple:   nicolae_temple_figure_eight
Sewer:    sewer_minmay_treatment
Ossuary:  ossuary_tomb_1

Skill      XL: |  1  2  3  4  5  6  7  8  9 10 11 12 |
---------------+-------------------------------------+-----
Axes           | 3 4 5 6 7 8 9 10 | 10.0
Fighting       | 4 5 6 7 8 9 |  9.4
Translocations | 1 |  1.7
Dodging        | 4 5 6 |  6.0
Shields        | 4 7 9 10 | 10.4
Invocations    | 3 6 8 10 | 10.7
Stealth        | 4 5 |  5.7

Action                   |  1- 3 |  4- 6 |  7- 9 | 10-12 || total
-------------------------+-------+-------+-------+-------++-------
Melee: War axe           |    49 |   124 |   275 |   266 ||   714
       Constrict         |    12 |    35 |    76 |    44 ||   167
       Tentacles         |     7 |    17 |    78 |   128 ||   230
       Flail             |       |       |       |     4 ||     4
Invok: Slouch            |       |       |       |     5 ||     5
       Step From Time    |       |       |       |     1 ||     1
       Bend Time         |       |       |       |     1 ||     1
Evoke: Wand              |       |     7 |       |    13 ||    20
  Use: Scroll            |     3 |     8 |    18 |     7 ||    36
       Potion            |       |     1 |    10 |     7 ||    18
 Stab: Sleeping          |     4 |     5 |     7 |    12 ||    28
       Paralysed         |       |       |       |     2 ||     2
  Eat: Chunk             |     2 |     7 |     6 |     2 ||    17
       Ration            |       |       |     2 |     2 ||     4
Armor: Skin              |     9 |    12 |    31 |    27 ||    79
Dodge: Dodged            |    15 |    54 |   129 |   132 ||   330
Block: Shield            |    17 |    41 |    87 |       ||   145
       Large shield      |       |       |    51 |   292 ||   343

Table legend:
 A = Non-vault XP
 B = Vault XP
 C = Vault XP percentage of total XP
 D = Non-vault monster count
 E = Vault monster count
 F = Vault count percentage of total count
                 A         B        C        D         E       F
            +---------+---------+-------+---------+---------+-------
      Total |   18440 |    7486 |  28.9 |     247 |     115 |  31.8
            +---------+---------+-------+---------+---------+-------
        D:1 |      13 |       0 |   0.0 |       7 |       0 |   0.0
        D:2 |      31 |       0 |   0.0 |      17 |       0 |   0.0
        D:3 |     132 |      35 |  21.0 |      18 |       1 |   5.3
        D:4 |     264 |      61 |  18.8 |      21 |       8 |  27.6
        D:5 |     408 |       0 |   0.0 |      16 |       0 |   0.0
        D:6 |    1453 |       0 |   0.0 |      43 |       0 |   0.0
        D:7 |     753 |       0 |   0.0 |      13 |       0 |   0.0
        D:8 |     619 |     870 |  58.4 |      11 |       6 |  35.3
        D:9 |    2395 |     983 |  29.1 |      27 |       5 |  15.6
       D:10 |    2490 |       0 |   0.0 |      27 |       0 |   0.0
       D:11 |    2061 |       0 |   0.0 |      19 |       0 |   0.0
       D:12 |    7821 |    4827 |  38.2 |      28 |       8 |  22.2
      Sewer |       0 |     302 | 100.0 |       0 |      48 | 100.0
    Ossuary |       0 |     408 | 100.0 |       0 |      39 | 100.0
            +---------+---------+-------+---------+---------+-------
